 Dungeon Crawl Stone Soup version 0.29.1-15-g9cfb28693d (webtiles) character file.

Game seed: 765011874250964568

72 coffeetime the Grasshopper (level 4, -1/38 HPs)
             Began as a Gnoll Warper on July 1, 2023.
             Was a High Priest of Ignis.
             Frozen to death by an endoplasm (5 damage)
             ... on level 3 of the Dungeon.
             The game lasted 00:05:27 (2702 turns).

coffeetime the Grasshopper (Gnoll Warper)           Turns: 2702, Time: 00:05:27

Health: -1/38      AC:  5    Str: 13    XL:     4   Next: 26%
Magic:  20/20      EV: 11    Int: 12    God:    Ignis [*****.]
Gold:   57         SH:  0    Dex: 11    Spells: 11/13 levels left

rFire   + . .      SeeInvis .   a - +0 mace
rCold   . . .      Faith    .   (no shield)
rNeg    . . .      Spirit   .   r - +0 ring mail
rPois   .          Reflect  .   (no helmet)
rElec   .          Harm     .   (no cloak)
rCorr   .          Rampage  .   (no gloves)
Will    .....                   (no boots)
Stlth   +.........              (no amulet)
HPRegen 0.12/turn               i - ring of magical power
MPRegen 0.17/turn               (no ring)

@: no status effects
A: fangs 1, strong nose, distributed training
a: Renounce Religion, Fiery Armour, Foxfire Swarm, Rising Flame


You were on level 3 of the Dungeon.
You worshipped Ignis.
Ignis was extremely pleased with you.
You visited 1 branch of the dungeon, and saw 3 of its levels.

You collected 57 gold pieces.

Inventory:

Hand Weapons
 a - a +0 mace (weapon)
Missiles
 d - 7 boomerangs of dispersal (quivered)
 h - 17 stones
 s - 5 poisoned darts
Armour
 b - a +0 leather armour
 r - a +0 ring mail (worn)
Jewellery
 i - a ring of magical power (left hand)
Scrolls
 c - a scroll of blinking
 e - a scroll of fog {unknown}
 g - a scroll of immolation {unknown}
 n - 2 scrolls of amnesia {unknown}
 o - a scroll of identify {unknown}
 p - 4 scrolls of magic mapping {unknown}
 q - a scroll of fear {unknown}
 t - a scroll of poison {unknown}
Potions
 f - a potion of magic {unknown}
 j - a potion of invisibility {unknown}
 k - a potion of brilliance {unknown}
 l - a potion of mutation {unknown}
 m - a potion of resistance {unknown}


   Skills:
 + Level 4.6 Fighting
 + Level 1.1 Short Blades
 + Level 1.1 Long Blades
 + Level 1.1 Axes
 + Level 4.6 Maces & Flails
 + Level 1.1 Polearms
 + Level 1.1 Staves
 + Level 1.1 Ranged Weapons
 + Level 2.7 Throwing
 + Level 2.7 Armour
 + Level 4.6 Dodging
 + Level 1.1 Stealth
 + Level 1.1 Shields
 + Level 1.1 Unarmed Combat
 + Level 5.1 Spellcasting
 + Level 0.9 Conjurations
 + Level 0.9 Hexes
 + Level 0.9 Summonings
 + Level 0.9 Necromancy
 + Level 5.4 Translocations
 + Level 0.9 Transmutations
 + Level 0.9 Fire Magic
 + Level 0.9 Ice Magic
 + Level 0.9 Air Magic
 + Level 0.9 Earth Magic
 + Level 0.9 Poison Magic
 + Level 1.2 Invocations
 + Level 1.1 Evocations


You had 11 spell levels left.
You knew the following spells:

 Your Spells              Type           Power      Damage    Failure   Level
a - Blink                 Tloc           32%        N/A       6%          2

Your spell library contained the following spells:

 Spells                   Type           Power      Damage    Failure   Level
 Gell's Gravitas          Tloc           16%        N/A       13%         3
 Lesser Beckoning         Tloc           16%        N/A       13%         3
 Teleport Other           Tloc           16%        N/A       13%         3
 Ensorcelled Hibernation  Hex/Ice        10%        N/A       38%         2
 Spider Form              Tmut/Pois      5%         N/A       63%         3
 Manifold Assault         Tloc           16%        N/A       75%         5
 Anguish                  Hex/Necr       2%         N/A       95%         4


Dungeon Overview and Level Annotations

Branches:
Dungeon (3/15)

Altars:
Ignis


Innate Abilities, Weirdness & Mutations

You have very sharp teeth.
Your uncanny sense of smell can sniff out nearby items.
Your experience applies equally to all skills.


Message History

You hit the gnoll but do no damage.
The gnoll is heavily wounded.
The endoplasm hits you. The gnoll hits you but does no damage.
You hit the gnoll but do no damage.
The gnoll is heavily wounded.
The endoplasm closely misses you. The gnoll hits you with a +0 whip.
You hit the gnoll. Your bite misses the gnoll.
The gnoll is almost dead.
The gnoll hits you with a +0 whip. The endoplasm closely misses you.
You hit the gnoll.
You kill the gnoll!
The endoplasm hits you. The gnoll hits you with a +0 club.
The endoplasm jiggles.
The endoplasm closely misses you.
You sock the gnoll! You bite the gnoll, but do no damage.
The gnoll is severely wounded.
The gnoll hits you with a +0 club. The endoplasm freezes you.
You are frozen.
* * * LOW HITPOINT WARNING * * *
You hit the gnoll but do no damage. You bite the gnoll, but do no damage.
The gnoll is severely wounded.
The endoplasm closely misses you. The gnoll hits you with a +0 club.
* * * LOW HITPOINT WARNING * * *
You closely miss the gnoll.
The gnoll is severely wounded.
The endoplasm freezes you.
You are frozen.
* * * LOW HITPOINT WARNING * * *
The gnoll hits you but does no damage.
You hit the gnoll.
The gnoll is almost dead.
The endoplasm barely misses you. The gnoll hits you with a +0 club.
* * * LOW HITPOINT WARNING * * *
A gnoll comes into view. It is wielding a +0 halberd.
You hit the gnoll. You bite the gnoll.
You kill the gnoll!
The endoplasm freezes you.
You are frozen.
You die...

#)......P.#
#....P...P#
#.........##
....#..P..P.#.#
##..#....P..###
#..#.....P.##
#...##...##.# #..#
#...#.#######...
#....####...)@J......
#. #.###†g#####.##.##
#...g.## # ###.###
#.# #.# #g# #$# #.#


You could see a gnoll and an endoplasm.

Vanquished Creatures
  2 gnolls (D:3)
  3 dart slugs
  An orc (D:3)
  4 ball pythons
  2 bats
  7 endoplasms
  3 giant cockroaches
  3 goblins (D:1)
  7 hobgoblins
  4 jackals (D:2)
  6 kobolds
  A quokka (D:1)
  2 frilled lizards (D:1)
  4 rats
49 creatures vanquished.

Vanquished Creatures (others)
  3 demonic plants (D:3)
  7 fungi (D:3)
  9 plants (D:3)
  A withered plant (D:3)
20 creatures vanquished.

Grand Total: 69 creatures vanquished

Notes
Turn   | Place    | Note
-------+----------+-------------------------------------------
     0 | D:1      | coffeetime the Gnoll Warper began the quest for the Orb.
     0 | D:1      | Reached XP level 1. HP: 20/20 MP: 6/6
   239 | D:1      | Reached XP level 2. HP: 24/26 MP: 7/7
   274 | D:1      | Learned a level 2 spell: Blink
   596 | D:1      | Reached skill level 5 in Spellcasting
   596 | D:1      | Reached XP level 3. HP: 18/31 MP: 7/9
   948 | D:1      | You fall into a shaft and drop 1 floor!
  1162 | D:2      | Reached skill level 1 in Invocations
  1963 | D:1      | Reached skill level 1 in Short Blades
  1963 | D:1      | Reached skill level 1 in Long Blades
  1963 | D:1      | Reached skill level 1 in Axes
  1963 | D:1      | Reached skill level 1 in Polearms
  1963 | D:1      | Reached skill level 1 in Staves
  1963 | D:1      | Reached skill level 1 in Ranged Weapons
  1963 | D:1      | Reached skill level 1 in Stealth
  1963 | D:1      | Reached skill level 1 in Shields
  1963 | D:1      | Reached skill level 1 in Unarmed Combat
  1963 | D:1      | Reached skill level 1 in Evocations
  2471 | D:3      | Found a faded altar of an unknown god.
  2492 | D:3      | Reached XP level 4. HP: 18/38 MP: 11/11
  2552 | D:3      | Prayed at the altar of an unknown god.
  2552 | D:3      | Became a worshipper of Ignis, the Dying Flame
  2702 | D:3      | Frozen to death by an endoplasm

Illustrated notes

Levels and vault maps discovered:
D:1:      wander_arrival_fairy_ring, layout_basic, chequers_serial_rivers_marsh
D:2:      layout_basic
D:3:      layout_loops_ring, jmf_multi_god_temple2,
          shapermc_ecumenical_altar_gd, kennysheep_big_empty_room

Skill      XL: |  1  2  3 |
---------------+----------+-----
Spellcasting   | 5 |  5.1
Invocations    | 1 |  1.2
Short Blades   | 1 |  1.1
Long Blades    | 1 |  1.1
Axes           | 1 |  1.1
Polearms       | 1 |  1.1
Staves         | 1 |  1.1
Ranged Weapons | 1 |  1.1
Stealth        | 1 |  1.1
Shields        | 1 |  1.1
Unarmed Combat | 1 |  1.1
Evocations     | 1 |  1.1
Fighting       | |  4.6
Maces & Flails | |  4.6
Throwing       | |  2.7
Armour         | |  2.7
Dodging        | |  4.6
Conjurations   | |  0.9
Hexes          | |  0.9
Summonings     | |  0.9
Necromancy     | |  0.9
Translocations | |  5.4
Transmutations | |  0.9
Fire Magic     | |  0.9
Ice Magic      | |  0.9
Air Magic      | |  0.9
Earth Magic    | |  0.9
Poison Magic   | |  0.9

Action                   |  1- 3 |  4- 6 || total
-------------------------+-------+-------++-------
Melee: Mace              |   160 |    24 ||   184
       Bite              |    16 |     4 ||    20
       Punch             |     1 |     1 ||     2
 Stab: Sleeping          |     1 |       ||     1
Armor: Leather armour    |    18 |       ||    18
       Ring mail         |    17 |     5 ||    22
Dodge: Dodged            |    90 |    12 ||   102
